 Dungeon Crawl Stone Soup version 0.29.1-13-g9f3cf754e1 (webtiles) character file.

Game seed: 14181945800478383743

697 javelincjr the Digger (level 7, -1/36 HPs)
             Began as a Gargoyle Earth Elementalist on Jan 23, 2023.
             Killed from afar by an orc (16 damage)
             ... with a bolt of light
             ... on level 5 of the Dungeon.
             The game lasted 00:19:44 (4138 turns).

javelincjr the Digger (Gargoyle Earth Elementalist) Turns: 4138, Time: 00:19:44

Health: -1/36      AC:  9    Str: 17    XL:     7   Next: 65%
Magic:  12/15      EV: 11    Int: 18    God:
Gold:   279        SH:  3    Dex: 10    Spells: 12/17 levels left

rFire   + . .      SeeInvis .   m - staff of earth
rCold   + . .      Faith    .   s - +0 buckler
rNeg    + . .      Spirit   .   x - +2 robe {rC+ rF+}
rPois   ∞          Reflect  .   k - +0 helmet
rElec   +          Harm     .   (no cloak)
rCorr   .          Rampage  .   (no gloves)
Will    .....                   (no boots)
Stlth   ++........              (no amulet)
HPRegen 0.12/turn               w - +6 ring of strength
MPRegen 0.14/turn               (no ring)

@: no status effects
A: sickness immunity, AC +4, negative energy resistance 1, electricity
resistance, torment resistance 1, petrification resistance
a: no special abilities


You were on level 5 of the Dungeon.
You visited 1 branch of the dungeon, and saw 5 of its levels.

You collected 279 gold pieces.

Inventory:

Hand Weapons
 l - a +2 dagger of speed
 u - a +1 falchion of holy wrath
 v - a +1 dagger of venom
Missiles
 h - a throwing net
Armour
 k - a +0 helmet (worn)
 s - a +0 buckler (worn)
 x - a +2 robe of resistance (worn)
Magical Staves
 m - a staff of earth (weapon)
Jewellery
 o - an amulet of faith
 w - a +6 ring of strength (left hand)
Scrolls
 c - 3 scrolls of noise {unknown}
 d - 3 scrolls of identify {unknown}
 g - a scroll of enchant armour {unknown}
 i - 2 scrolls of teleportation {unknown}
 n - a scroll of magic mapping {unknown}
 q - a scroll of blinking {unknown}
Potions
 a - a potion of degeneration {unknown}
 b - a potion of magic
 f - 3 potions of brilliance {unknown}
 j - 2 potions of heal wounds {unknown}
 p - a potion of resistance {unknown}
 t - a potion of berserk rage {unknown}


   Skills:
 + Level 0.1 Fighting
 + Level 0.5 Short Blades
 + Level 1.8 Dodging
 + Level 2.7 Stealth
 + Level 5.7 Spellcasting
 + Level 0.1 Conjurations
 + Level 0.7 Transmutations
 + Level 7.0 Earth Magic


You had 12 spell levels left.
You knew the following spells:

 Your Spells              Type           Power      Damage    Failure   Level
a - Sandblast             Erth           92%        2d19      1%          1
b - Stone Arrow           Conj/Erth      54%        3d10      12%         3
c - Summon Small Mammal   Summ           20%        N/A       17%         1

Your spell library contained the following spells:

 Spells                   Type           Power      Damage    Failure   Level
 Passwall                 Tmut/Erth      23%        N/A       4%          2
 Apportation              Tloc           10%        N/A       17%         1
 Necrotise                Necr           20%        1d5       17%         1
 Petrify                  Tmut/Erth      28%        N/A       32%         4


Dungeon Overview and Level Annotations

Branches:
Dungeon (5/15)
 Temple: D:4-7

Altars:
Uskayaw

Shops:
D:4 =


Innate Abilities, Weirdness & Mutations

You are immune to sickness and miasma.
Your stone body is resilient. (AC +4)
You are immune to poison.
You resist negative energy. (rN+)
You are resistant to electric shocks. (rElec)
You are resistant to unholy torment.
You are immune to petrification.


Message History

An adder comes into view.
The adder hisses angrily.
Casting: Sandblast (safe; 1% risk of failure)
Confirm with . or Enter, or press ? or * to list all spells.
The spell is quite dangerous to miscast (12% risk of failure)!
Continue anyway?
Aiming: Stone Arrow (quite dangerous; 12% risk of failure)
Press: ? - help, Shift-Dir - straight line, f - adder
Aim: an adder (53% to hit)
You feel a surge of power!
The stone arrow hits the adder!
You kill the adder!
You start resting.
Magic restored.
You see here a book of Cantrips.
You see here a book of Cantrips.
You pick up a book of Cantrips and begin reading...
Unfortunately, you learned nothing new. 2 orcs come into view.
An orc is wielding a +0 club and carrying a wand of light (10).
Casting: Stone Arrow (quite dangerous; 12% risk of failure)
Confirm with . or Enter, or press ? or * to list all spells.
Okay, then.
The orc shouts! x2
Casting: Stone Arrow (quite dangerous; 12% risk of failure)
Confirm with . or Enter, or press ? or * to list all spells.
You can't see any susceptible monsters within range! (Use Z to cast anyway.)
Casting: Stone Arrow (quite dangerous; 12% risk of failure)
Confirm with . or Enter, or press ? or * to list all spells.
The spell is quite dangerous to miscast (12% risk of failure)!
Continue anyway?
Aiming: Stone Arrow (quite dangerous; 12% risk of failure)
Press: ? - help, Shift-Dir - straight line, f - orc
Aim: an orc, wielding a +0 hand axe (71% to hit)
You feel a surge of power!
The stone arrow hits the orc!
You kill the orc!
The orc zaps a wand.
The bolt of light hits you!
You are confused.
You're too confused to cast spells.
You're too confused to move!
The orc zaps a wand.
The bolt of light hits you!
You feel less confused.
The orc zaps a wand.
The bolt of light hits you!
You die...

...# .. ...##.
###..#.. ... ......
..... #...###.?....
#...#........
#####.....o.....
###.#...@..)......
#...<).#.......#
##....##.......#
##..)#......###
##.)).)...## ..#
###...)...####..#
##..###)).....#.....
......<)..........#
............#.....##


You could see an orc.

Vanquished Creatures
  Sigmund (D:3)
  A scorpion (D:5)
  2 hounds
  A gnoll bouda (D:5)
  2 orc priests (D:4)
  Terence (D:2)
  2 orc wizards
  Robin (D:2)
  3 adders
  8 gnolls
  3 worms
  3 dart slugs
  15 orcs
  3 ball pythons
  7 endoplasms
  2 giant cockroaches
  15 goblins
  7 hobgoblins
  10 jackals
  6 kobolds
  4 quokkas
  2 bats
  12 frilled lizards
  8 rats
119 creatures vanquished.

Vanquished Creatures (others)
  6 plants (D:3)
6 creatures vanquished.

Grand Total: 125 creatures vanquished

Notes
Turn   | Place    | Note
-------+----------+-------------------------------------------
     0 | D:1      | javelincjr the Gargoyle Earth Elementalist began the quest
                  | for the Orb.
     0 | D:1      | Reached XP level 1. HP: 10/10 MP: 3/3
   227 | D:1      | Reached skill level 4 in Earth Magic
   227 | D:1      | Reached XP level 2. HP: 15/15 MP: 1/5
   909 | D:2      | Reached XP level 3. HP: 19/19 MP: 3/6
  1383 | D:2      | Reached XP level 4. HP: 24/24 MP: 6/8
  1394 | D:2      | Noticed Robin
  1401 | D:2      | Killed Robin
  1511 | D:2      | Learned a level 3 spell: Stone Arrow
  1513 | D:2      | Learned a level 1 spell: Summon Small Mammal
  1639 | D:2      | Reached skill level 5 in Earth Magic
  1717 | D:2      | Noticed Terence
  1738 | D:2      | Killed Terence
  1884 | D:2      | Reached XP level 5. HP: 28/28 MP: 7/9
  2629 | D:3      | Noticed Sigmund
  2658 | D:3      | Killed Sigmund
  2659 | D:3      | Reached skill level 6 in Earth Magic
  2659 | D:3      | Reached XP level 6. HP: 32/32 MP: 5/12
  2969 | D:4      | Found a hide-covered altar of Uskayaw.
  3185 | D:4      | Reached skill level 5 in Spellcasting
  3188 | D:4      | Reached XP level 7. HP: 21/36 MP: 6/14
  3308 | D:4      | Found Satib's Jewellery Shoppe.
  3785 | D:5      | Entered Level 5 of the Dungeon
  3960 | D:5      | Reached skill level 7 in Earth Magic
  4138 | D:5      | Killed from afar by an orc

Illustrated notes

Levels and vault maps discovered:
D:1:      minmay_arrival_diagonal_passages, layout_loops_ring
D:2:      kennysheep_big_flooded_room, layout_basic, uniq_robin, uniq_terence
D:3:      layout_rooms, minmay_lizard_king, uniq_sigmund
D:4:      layout_loops_ring, kennysheep_mini, serial_shops, nicolae_shop_stone
D:5:      dreamdust_elfheim, layout_cave_pools, temple_statues

Skill      XL: |  1  2  3  4  5  6  7 |
---------------+----------------------+-----
Earth Magic    | 4 5 6 7 |  7.0
Spellcasting   | 3 4 5 |  5.7
Fighting       | |  0.1
Short Blades   | |  0.5
Dodging        | |  1.8
Stealth        | |  2.7
Conjurations   | |  0.1
Transmutations | |  0.7

Action                   |  1- 3 |  4- 6 |  7- 9 || total
-------------------------+-------+-------+-------++-------
Melee: Dagger            |       |     5 |       ||     5
       Short sword       |       |     2 |       ||     2
       Staff             |       |     7 |       ||     7
 Cast: Sandblast         |    47 |    72 |    23 ||   142
       Stone Arrow       |       |     4 |    11 ||    15
Armor: Robe              |     2 |    21 |       ||    23
Dodge: Dodged            |     2 |    19 |       ||    21
